 Dungeon Crawl Stone Soup version 0.31-a0-986-g5e6e4ef867 (webtiles) character file.

Game seed: 10497543558563261071

76 Arex the Chopper (level 4, -1/41 HPs)
             Began as a Hill Orc Chaos Knight on Nov 23, 2023.
             Was a Plaything of Xom.
             Slain by a worm (12 damage)
             ... on level 3 of the Dungeon.
             The game lasted 00:01:43 (1225 turns).

Arex the Chopper (Hill Orc Chaos Knight)            Turns: 1225, Time: 00:01:43

Health: -1/41      AC:  8    Str: 16    XL:     4   Next: 32%
Magic:  4/4        EV: 11    Int: 12    God:    Xom [..*...]
Gold:   70         SH:  0    Dex: 10    Spells: 3/3 levels left

rFire   . . .        a - +1 hand axe (chaos)
rCold   . . .        (no shield)
rNeg    . . .        b - +2 leather armour
rPois   .            k - +2 helmet
rElec   .            (no cloak)
rCorr   .            (no gloves)
SInv    .            (no boots)
Will    .....        (no amulet)
Stlth   +            (no ring)
HPRegen 0.26/turn    (no ring)
MPRegen 0.09/turn

%: no passive effects
@: no status effects
A: no striking features
a: Renounce Religion


You were on level 3 of the Dungeon.
You worshipped Xom.
You were a toy of Xom.
You visited 1 branch of the dungeon, and saw 3 of its levels.

You collected 70 gold pieces.

Inventory:

Hand Weapons
 a - a +1 hand axe of chaos (weapon)
Armour
 b - a +2 leather armour (worn)
 h - a +0 ring mail
 k - a +2 helmet (worn)
Scrolls
 c - a scroll of butterflies
 e - a scroll of blinking {unknown}
 g - a scroll of enchant armour {unknown}
 j - a scroll of teleportation {unknown}
Potions
 d - a potion of might {unknown}
 f - a potion of invisibility {unknown}
 i - a potion of curing


   Skills:
 + Level 4.4 Fighting
 + Level 4.8 Axes
 + Level 3.1 Armour
 + Level 1.6 Dodging


You had 3 spell levels left.
You didn't know any spells.
Your spell library contained the following spells:

 Spells                   Type           Power      Damage    Failure   Level
 Static Discharge         Conj/Air       0%         3-3/arc   52%         2
 Airstrike                Air            0%         2d(0-16)  98%         4
 Summon Lightning Spire   Summ/Air       0%         N/A       98%         4


Dungeon Overview and Level Annotations

Branches:
Dungeon (3/15)

Altars:
Makhleb


Message History

You are too injured to fight recklessly!
You are too injured to fight recklessly!
You are too injured to fight recklessly!
You are too injured to fight recklessly!
You are too injured to fight recklessly!
You are too injured to fight recklessly!
You are too injured to fight recklessly!
You are too injured to fight recklessly!
You are too injured to fight recklessly!
You are too injured to fight recklessly!
You are too injured to fight recklessly!
You are too injured to fight recklessly!
You are too injured to fight recklessly!
You are too injured to fight recklessly!
You are too injured to fight recklessly!
You are too injured to fight recklessly!
You are too injured to fight recklessly!
You are too injured to fight recklessly!
You are too injured to fight recklessly!
You are too injured to fight recklessly!
You barely miss the worm.
The worm is lightly wounded.
You hit the worm.
The worm resists with some effort.
The worm is moderately wounded.
The worm bites you.
You barely miss the worm.
The worm is moderately wounded.
The worm bites you.
You hit the worm.
The worm seems to grow stronger.
The worm is moderately wounded.
You hit the worm.
The worm is moderately wounded.
The worm bites you!
* * * LOW HITPOINT WARNING * * *
You barely miss the worm.
The worm is moderately wounded.
You barely miss the worm.
The worm is moderately wounded.
The worm bites you!
You die...

######## ############
#......# #..........#
#......# #..........#
#..<...# #..........#
#......#
#..........#####†.....#
#..........##.)@w.....#
#.....[.......##......#
#........................
#.....<....#####......###
#..........# ######...
#..........# ....
############ .... ..


You could see a worm (strong).

Vanquished Creatures
  Natasha (D:3)
  An adder (D:2)
  2 worms (D:2)
  2 dart slugs (D:1)
  3 orcs (D:3)
  4 bats
  An endoplasm (D:1)
  A giant cockroach (D:1)
  4 goblins (D:1)
  2 hobgoblins (D:2)
  A quokka (D:1)
  3 ball pythons (D:2)
  A frilled lizard (D:1)
  A kobold (D:2)
  4 rats
31 creatures vanquished.

Notes
Turn   | Place    | Note
-------+----------+-------------------------------------------
     0 | D:1      | Arex the Hill Orc Chaos Knight began the quest for the Orb.
     0 | D:1      | Reached XP level 1. HP: 19/19 MP: 1/1
    54 | D:1      | XOM: potion effect (attraction)
    54 | D:1      | XOM: smoke on damage
    97 | D:1      | Reached skill level 1 in Dodging
   118 | D:1      | Reached XP level 2. HP: 26/27 MP: 2/2
   217 | D:1      | a jackal changed into a glowing shapeshifter
   217 | D:1      | Noticed a glowing shapeshifter (glowing shapeshifter)
   217 | D:1      | XOM: silly message
   217 | D:1      | a glowing shapeshifter changed into a swamp worm
   217 | D:1      | Noticed a swamp worm (glowing shapeshifter)
   218 | D:1      | XOM: butterfly on damage
   271 | D:2      | XOM: silly message
   285 | D:2      | Found a burning altar of Makhleb.
   381 | D:2      | Reached XP level 3. HP: 33/33 MP: 3/3
   504 | D:2      | XOM: silly message
   922 | D:2      | XOM: divination: detect creatures
  1071 | D:3      | XOM: silly message
  1074 | D:3      | Noticed Natasha
  1090 | D:3      | Killed Natasha
  1091 | D:3      | Reached XP level 4. HP: 14/41 MP: 4/4
  1097 | D:3      | XOM: noise
  1225 | D:3      | Slain by a worm

Illustrated notes

Levels and vault maps discovered:
D:1:      amcnicky_arrival_double_pillar, layout_loops_corners,
          dreamdust_mushroom_princess
D:2:      layout_loops_ring, basic_altar
D:3:      layout_rooms, okawaru_trees_1, minmay_goblin_outpost, uniq_ijyb,
          uniq_natasha

Skill      XL: |  1  2  3 |
---------------+----------+-----
Dodging        | 1 |  1.6
Fighting       | 4 |  4.4
Armour         | 3 |  3.1
Axes           | |  4.8

Action                     |  1- 3 |  4- 6 || total
---------------------------+-------+-------++-------
  Melee: Hand axe          |    90 |    20 ||   110
    Use: Scroll            |     1 |       ||     1
         Potion            |     1 |       ||     1
 Armour: Leather armour    |    60 |    10 ||    70
  Dodge: Dodged            |    67 |     8 ||    75

Table legend: (Time is in decaauts)
 A = Elapsed time spent in this place.
 B = Non-inter-level travel time spent in this place.
 C = Inter-level travel time spent in this place.
 D = Time resting spent in this place.
 E = Time spent auto-exploring this place.
 F = Levels seen in this place.
 G = Mean time per level.
                   A        B        C        D        E       F      G
               +--------+--------+--------+--------+--------+-----+--------+
         Total |   1233 |   1197 |     36 |    163 |    760 |   3 |  411.0 |
       Dungeon |   1233 |   1197 |     36 |    163 |    760 |   3 |  411.0 |
               +--------+--------+--------+--------+--------+-----+--------+

Top non-repeatable levels by time:
     D:2: 934 daAuts
     D:1: 226 daAuts
     D:3: 72 daAuts
